 Dungeon Sprint DCSS version 0.29.0-11-gd7f09526c8 (webtiles) character file.

Game seed: 17878868883638181701

28643 Zeld the Executioner (level 13, -19/141 HPs)
             Began as a Minotaur Berserker on Sept 6, 2022.
             Was a Priest of Trog.
             Killed from afar by Lom Lobon (43 damage)
             ... with a great icy blast
             ... in the Dungeon (Sprint I: "Red Sonja").
             The game lasted 00:28:10 (12379 turns).

Zeld the Executioner (Minotaur Berserker)          Turns: 12379, Time: 00:28:10

Health: -19/141    AC: 13    Str: 24      XL:     13   Next: 10%
Magic:  3/10       EV: 17    Int: 12 (13) God:    Trog [***...]
Gold:   1972       SH:  0    Dex: 11      Spells: 12/12 levels left

rFire   . . .      SeeInvis +   a - +3 executioner's axe of Income {protect, *Slow Int+6 SInv}
rCold   + + +      Faith    .   (shield currently unavailable)
rNeg    . . .      Spirit   .   u - +0 scale mail "Ahahats" {*Slow rPois rC+++ Dex-5}
rPois   +          Reflect  .   (helmet restricted)
rElec   +          Harm     .   (no cloak)
rCorr   +          Rampage  .   G - +1 pair of gloves "Macwuhae" {Int+4 Stlth+}
Will    ++...      Rage     3%  k - +1 pair of boots
Stlth   +......... NoTele   +   (no amulet)
HPRegen 1.33/turn               J - ring "Werou" {Fly rElec}
MPRegen 0.12/turn               b - ring of resist corrosion

@: strong-willed, on berserk cooldown, flying, regenerating, slowed, very slow
A: horns 2, retaliatory headbutt, agile 1, berserk 1, deformed body,
deterioration 2, low MP 1, screaming 1
a: Renounce Religion, Berserk, Trog's Hand


You were in the Dungeon.
You worshipped Trog.
Trog was most pleased with you.
You visited 1 branch You collected 6244 gold pieces.
You spent 4272 gold pieces at shops.

Inventory:

Hand Weapons
 a - the +3 executioner's axe of Income (weapon) {protect, *Slow Int+6 SInv}
   (You acquired it in the Dungeon)

   It grants its wielder temporary protection when it strikes (+7 to AC).
   Int:       It affects your intelligence (+6).
   SInv:      It lets you see invisible.
   *Slow:     It may slow you when you take damage.
 r - the +3 battleaxe of the Ass {vorpal, rC+}
   (Trog gifted it to you in the Dungeon)

   It inflicts extra damage upon your enemies.
   rC:        It protects you from cold.
 w - the +8 executioner's axe "Buigru" {vamp, rF+ rN+}
   (You bought it in a shop in the Dungeon)

   It occasionally heals its wielder for a portion of the damage dealt when it
   wounds a living foe.
   rF:        It protects you from fire.
   rN:        It protects you from negative energy.
 y - a +5 executioner's axe of flaming
 A - the +2 spear of Qazlal's Outrage {spect, rC++}
   (You found it in the Dungeon)

   When its wielder attacks, the weapon's spirit leaps out and strikes again.
   The spirit shares a part of any damage it takes with its wielder.
   rC:        It greatly protects you from cold.
Missiles
 z - a throwing net (quivered)
Armour
 k - a +1 pair of boots (worn)
 u - the +0 scale mail "Ahahats" (worn) {*Slow rPois rC+++ Dex-5}
   (You found it in the Dungeon)

   Dex:       It affects your dexterity (-5).
   rC:        It renders you almost immune to cold.
   rPois:     It protects you from poison.
   *Slow:     It may slow you when you take damage.
 G - the +1 pair of gloves "Macwuhae" (worn) {Int+4 Stlth+}
   (You bought it in a shop in the Dungeon)

   Int:       It affects your intelligence (+4).
   Stlth:     It makes you more stealthy.
 H - the +3 pair of gloves "Cualur" {rCorr}
   (You bought it in a shop in the Dungeon)

   rCorr:     It protects you from acid and corrosion.
Jewellery
 b - a ring of resist corrosion (right hand)
 p - a +4 ring of slaying
 E - a ring of willpower
 I - a +4 ring of evasion
 J - the ring "Werou" (left hand) {Fly rElec}
   (You found it in the Dungeon)

   [ring of flight]

   rElec:     It insulates you from electricity.
   Fly:       It grants you flight.
 K - the ring of Peapn {rElec rC+ Dex+4}
   (You found it in the Dungeon)

   [ring of protection from cold]

   Dex:       It affects your dexterity (+4).
   rC:        It protects you from cold.
   rElec:     It insulates you from electricity.
Wands
 i - a wand of digging (3)
 o - a wand of roots (10)
 x - a wand of charming (8)
Scrolls
 h - 2 scrolls of blinking
 l - a scroll of butterflies
 m - 2 scrolls of brand weapon
 s - 21 scrolls of identify
 t - 4 scrolls of fear
 v - 2 scrolls of silence
 B - 2 scrolls of poison
Potions
 c - 10 potions of curing
 d - 5 potions of heal wounds
 e - 3 potions of haste
 f - 2 potions of magic
 g - 2 potions of berserk rage
 j - a potion of brilliance
 q - 4 potions of might
 C - a potion of flight
 D - a potion of invisibility
 F - a potion of resistance


   Skills:
 * Level 20.8 Fighting
 - Level 24.0 Axes
 + Level 19.2 Armour
 + Level 17.7 Dodging


You had 12 spell levels left.
You didn't know any spells.
Your spell library was empty.

Dungeon Overview and Level Annotations

Branches:
Dungeon (1/1)

Altars:
Cheibriados
Dithmenos
Elyvilon
Fedhas
Gozag
Hepliaklqana
Kikubaaqudgha
Makhleb
Nemelex Xobeh
Okawaru
Qazlal
Ru
Sif Muna
Trog
Uskayaw
Vehumet
Wu Jian
Xom
Yredelemnul
Zin
The Shining One
Jiyva
Lugonu

Shops:
D ?[[((=![*:**=:?*[*[(

Annotations:
D Lom Lobon, Tiamat


Innate Abilities, Weirdness & Mutations

You have a pair of horns on your head.
You reflexively headbutt those who attack you in melee.
You are agile. (Dex +4, Str/Int -1)
You sometimes lose your temper in combat.
Armour fits poorly on your strangely shaped body.
Your body often deteriorates upon taking damage.
Your magical capacity is low. (-10% MP)
You occasionally shout uncontrollably at your foes.


Message History

Blink to where?
Press: ? - help, Dir - move target
As you read the scroll of blinking, it crumbles to dust.
You feel the effects of Trog's Hand fading.
Blink to where?
Press: ? - help, Dir - move target, f - you
Okay, then.
Really fly into that cloud of steam?
Okay, then.
Your skin crawls.
You feel strong-willed.
Really fly into a travel-excluded area?
The ball lightning explodes!
You are engulfed in a cloud of scalding steam.
You are engulfed in a cloud of scalding steam.
* * * LOW HITPOINT WARNING * * *
You see here a +0 mace.
There is a broken door, spattered with blood here.
You see here a +0 spear.
You are engulfed in a cloud of scalding steam.
Things that are here:
a +0 trident; a +4 vorpal battleaxe As you close the door, it creaks loudly!
You are engulfed in a cloud of scalding steam.
* * * LOW HITPOINT WARNING * * *
This door is marked as excluded!
Open it anyway? [Y]es or [N]o only, please.
This door is marked as excluded!
Open it anyway?
You reach down and open the door.
You are engulfed in a cloud of scalding steam.
There is an open door, spattered with blood here.
You are engulfed in a cloud of scalding steam.
Things that are here:
a +0 leather armour; a +0 short sword You reach down and close the door.
Lom Lobon breaks down the door.
Lom Lobon gestures at you.
Lom Lobon conjures a mighty blast of ice!
The great icy blast engulfs you!!! You partially resist.
You die...

#################################
..).§..§.)..§.§§@§§#..'...§#))...
.##§#§####..§§§##§§§&.#.§§§##....
.)§.#§#.###§§§#######)#.§§§§#####
##..'.#'#.#§#'#|([##.)#§§.§.#...#
##'####...#.#.##...#..##.§.§#[∩.#
#○°○..#...#[#..#.#.#..≈###'##...#
#..○○☼'....)##.#.#.#..≈.[#.####'#
###.○○#.....#..#.#.#..≈.##§#...§#
'.#.○.###++##.##...#..≈##..§.§...


You could see Lom Lobon (gusty).

Vanquished Creatures
  the Lernaean hydra (D)
  A golden dragon (D)
  A shadow dragon (D)
  A daeva (D)
  3 fire giants (D)
  A lorocyproca (D)
  A deep elf annihilator (D)
  A mummy priest (D)
  A hydra (D)
  2 centaur warriors (D)
  Sonja (D)
  A deep troll (D)
  A lindwurm (D)
  2 oklob plants (D)
  8 shining eyes (D)
  2 merfolk sirens (D)
  2 gargoyles (D)
  2 kobold demonologists (D)
  7 unseen horrors (D)
  4 demonic crawlers (D)
  A hellwing (D)
  A meliai (D)
  5 hornets (D)
  A slime creature (D)
  Sigmund (D)
  A yak (D)
  13 hogs (D)
  2 redbacks (D)
  7 floating eyes (D)
  An ogre (D)
  7 necrophages (D)
  8 jellies (D)
  Ijyb (D)
  A ballistomycete spore (D)
93 creatures vanquished.

Vanquished Creatures (collateral kills)
  A fire giant (D)
1 creature vanquished.

Vanquished Creatures (others)
  A deep elf master archer (D)
  8 ball lightnings (D)
  A ballistomycete spore (D)
10 creatures vanquished.

Grand Total: 104 creatures vanquished

Notes
Turn   | Place    | Note
-------+----------+-------------------------------------------
     0 | D        | Zeld the Minotaur Berserker began the quest for the Orb.
     0 | D        | Reached XP level 1. HP: 19/19 MP: 0/0
     1 | D        | Noticed Ijyb
     8 | D        | Killed Ijyb
     9 | D        | Reached skill level 5 in Axes
     9 | D        | Reached XP level 2. HP: 28/28 MP: 1/1
    83 | D        | Noticed an ogre
    89 | D        | Killed an ogre
    90 | D        | Reached skill level 7 in Axes
    90 | D        | Reached skill level 5 in Armour
    90 | D        | Reached XP level 3. HP: 32/37 MP: 2/2
    90 | D        | Reached XP level 4. HP: 39/44 MP: 3/3
   173 | D        | Noticed Sigmund
   178 | D        | Killed Sigmund
   178 | D        | Reached ** piety under Trog
   179 | D        | Reached skill level 10 in Axes
   179 | D        | Reached XP level 5. HP: 52/52 MP: 4/4
   403 | D        | Found an ornate altar of the Wu Jian Council.
   403 | D        | Found a shimmering blue altar of Sif Muna.
   405 | D        | Found a radiant altar of Vehumet.
   411 | D        | Reached XP level 6. HP: 61/61 MP: 5/5
   562 | D        | Found Uroegh's Antique Weapon Emporium.
   562 | D        | Found an ancient bone altar of Kikubaaqudgha.
   562 | D        | Found a hazy altar of Hepliaklqana.
   562 | D        | Found a hide-covered altar of Uskayaw.
   562 | D        | Found a basalt altar of Yredelemnul.
   562 | D        | Found an opulent altar of Gozag.
   562 | D        | Found a snail-covered altar of Cheibriados.
   562 | D        | Found a sacrificial altar of Ru.
   562 | D        | Found a shadowy altar of Dithmenos.
   562 | D        | Noticed a yak
   568 | D        | Killed a yak
   569 | D        | Reached skill level 11 in Axes
   569 | D        | Found a stormy altar of Qazlal.
   569 | D        | Found a blossoming altar of Fedhas.
   569 | D        | Found a bloodstained altar of Trog.
   569 | D        | Found an iron altar of Okawaru.
   569 | D        | Found a glowing golden altar of the Shining One.
   569 | D        | Found a glowing silver altar of Zin.
   569 | D        | Found a white marble altar of Elyvilon.
   570 | D        | Found a sparkling altar of Nemelex Xobeh.
   787 | D        | Found a burning altar of Makhleb.
   787 | D        | Found a viscous altar of Jiyva.
   787 | D        | Found a shimmering altar of Xom.
   787 | D        | Found a corrupted altar of Lugonu.
   787 | D        | Noticed a slime creature
   794 | D        | Killed a slime creature
   795 | D        | Reached skill level 12 in Axes
   795 | D        | Reached XP level 7. HP: 70/70 MP: 6/6
   901 | D        | Noticed a kobold demonologist
   902 | D        | Noticed a kobold demonologist
   907 | D        | Noticed an orange demon
   909 | D        | Noticed a ynoxinul
   909 | D        | Noticed a hellwing
   909 | D        | Killed a kobold demonologist
   909 | D        | Reached *** piety under Trog
   910 | D        | Reached skill level 10 in Fighting
   910 | D        | Reached skill level 13 in Axes
   915 | D        | Killed a kobold demonologist
   916 | D        | Reached skill level 14 in Axes
   916 | D        | Reached skill level 10 in Armour
   916 | D        | Reached XP level 8. HP: 80/80 MP: 7/7
  1155 | D        | Noticed a lindwurm
  1165 | D        | Killed a lindwurm
  1165 | D        | Reached **** piety under Trog
  1166 | D        | Reached skill level 15 in Axes
  1461 | D        | Reached skill level 10 in Dodging
  1469 | D        | Reached XP level 9. HP: 89/89 MP: 8/8
  1472 | D        | Reached skill level 16 in Axes
  1474 | D        | Reached ***** piety under Trog
  1482 | D        | Received a gift from Trog
  1485 | D        | Reached skill level 17 in Axes
  1582 | D        | Noticed Sonja
  1589 | D        | Killed Sonja
  1590 | D        | Reached XP level 10. HP: 80/101 MP: 9/9
  1909 | D        | Found Iseluzey's Magic Scroll Boutique.
  1917 | D        | Bought a scroll of acquirement for 520 gold pieces
  1917 | D        | Bought a scroll of brand weapon for 95 gold pieces
  1917 | D        | Bought a scroll of summoning for 95 gold pieces
  1917 | D        | Bought a scroll of summoning for 95 gold pieces
  1917 | D        | Bought a scroll of blinking for 75 gold pieces
  1918 | D        | Acquired the +3 executioner's axe of Income {protect, *Slow
                  | Int+6 SInv}
  2027 | D        | Noticed a shining eye
  2027 | D        | Noticed a shining eye
  2027 | D        | Noticed a shining eye
  2027 | D        | Noticed a shining eye
  2027 | D        | Noticed a shining eye
  2027 | D        | Noticed a shining eye
  2028 | D        | Gained mutation: You are agile. (Dex +4, Str/Int -1) [a
                  | shining eye]
  2030 | D        | Killed a shining eye
  2030 | D        | Gained mutation: Armour fits poorly on your strangely
                  | shaped body. [a shining eye]
  2031 | D        | Reached skill level 18 in Axes
  2035 | D        | Killed a shining eye
  2035 | D        | Gained mutation: You occasionally shout uncontrollably at
                  | your foes. [a shining eye]
  2036 | D        | Killed a shining eye
  2036 | D        | Received a gift from Trog
  2037 | D        | Killed a shining eye
  2039 | D        | Reached skill level 19 in Axes
  2039 | D        | Killed a shining eye
  2040 | D        | Killed a shining eye
  2143 | D        | Noticed a shining eye
  2143 | D        | Noticed a shining eye
  2145 | D        | Gained mutation: Your body sometimes deteriorates upon
                  | taking damage. [a shining eye]
  2148 | D        | Gained mutation: Your magical capacity is low. (-10% MP) [a
                  | shining eye]
  2149 | D        | Killed a shining eye
  2150 | D        | Gained mutation: You sometimes lose your temper in combat.
                  | [a shining eye]
  2154 | D        | Gained mutation: Your body often deteriorates upon taking
                  | damage. [a shining eye]
  2155 | D        | Killed a shining eye
  2217 | D        | Found Wufot's Antique Armour Shoppe.
  2217 | D        | Found Atif's Weapon Shop.
  2217 | D        | Found Kenuf's Antique Armour Emporium.
  2217 | D        | Found Fynnie's Jewellery Boutique.
  2254 | D        | Noticed a deep troll
  2259 | D        | Killed a deep troll
  2260 | D        | Reached skill level 20 in Axes
  2260 | D        | Reached XP level 11. HP: 111/111 MP: 8/8
  2452 | D        | Found Sioll's Armour Emporium.
  2507 | D        | Reached ****** piety under Trog
  2507 | D        | Identified the +3 battleaxe of the Ass {vorpal, rC+} (Trog
                  | gifted it to you in the Dungeon)
  2507 | D        | Received a gift from Trog
  2508 | D        | Reached skill level 15 in Fighting
  2511 | D        | Reached skill level 15 in Armour
  2581 | D        | Noticed a lorocyproca
  2597 | D        | Killed a lorocyproca
  2883 | D        | Noticed a centaur warrior
  2883 | D        | Noticed a centaur warrior
  2891 | D        | Killed a centaur warrior
  2892 | D        | Reached skill level 21 in Axes
  2893 | D        | Killed a centaur warrior
  3247 | D        | Bought a distressingly furry chain mail for 209 gold pieces
  3247 | D        | Identified the +6 chain mail "Pistog" {Harm rCorr} (You
                  | bought it in a shop in the Dungeon)
  3262 | D        | Bought a scroll of identify for 20 gold pieces
  3262 | D        | Bought a scroll of identify for 20 gold pieces
  3588 | D        | Noticed an oklob plant
  3594 | D        | Killed an oklob plant
  3730 | D        | Received a gift from Trog
  3906 | D        | Received a gift from Trog
  3907 | D        | Reached skill level 22 in Axes
  3923 | D        | Received a gift from Trog
  3947 | D        | Identified the +0 scale mail "Ahahats" {*Slow rPois rC+++
                  | Dex-5}
  3973 | D        | Found Esefuam's Armour Shoppe.
  3973 | D        | Found Lizol's Distillery.
  3973 | D        | Found Hiuczana's Assorted Antiques.
  3975 | D        | Found Weudequkk's Book Emporium.
  3975 | D        | Found Fonlih's Assorted Antiques.
  3975 | D        | Found Peh Int's Assorted Antiques.
  3975 | D        | Found Puynyuta's Jewellery Boutique.
  3975 | D        | Found Ynoof's Book Emporium.
  3975 | D        | Found Xoavviopp's Magic Scroll Shop.
  3975 | D        | Found Dolahaim's Magic Scroll Shoppe.
  3980 | D        | Found Woffeush's General Store.
  3981 | D        | Found Racw's General Store.
  3981 | D        | Found Jabeg's Armour Boutique.
  3982 | D        | Found Acwy's Antique Weapon Emporium.
  3991 | D        | Bought a transparent executioner's axe for 390 gold pieces
  3991 | D        | Identified the +8 executioner's axe "Buigru" {vamp, rF+
                  | rN+} (You bought it in a shop in the Dungeon)
  4004 | D        | Bought a scroll labelled IHUMUL QAC COR for 19 gold pieces
  4050 | D        | Bought a scroll of identify for 20 gold pieces
  4092 | D        | Noticed a daeva
  4110 | D        | Reached skill level 15 in Dodging
  4705 | D        | Noticed a fire giant
  4717 | D        | Killed a fire giant
  4717 | D        | Received a gift from Trog
  4718 | D        | Reached XP level 12. HP: 59/124 MP: 9/9
  5000 | D        | Noticed a fire giant
  5000 | D        | Noticed a fire giant
  5012 | D        | Killed a fire giant
  5013 | D        | Reached skill level 23 in Axes
  5063 | D        | Killed a fire giant
  5177 | D        | Noticed a fire giant
  5192 | D        | Killed a fire giant
  5505 | D        | Found the +4 dragonskin cloak
  5505 | D        | Noticed Tiamat
  5550 | D        | Killed a daeva
  5707 | D        | Received a gift from Trog
  6087 | D        | Bought a scroll of identify for 20 gold pieces
  6087 | D        | Bought 2 scrolls of fear for 80 gold pieces
  6087 | D        | Bought a scroll of blinking for 75 gold pieces
  6087 | D        | Bought a scroll of silence for 95 gold pieces
  6087 | D        | Bought a scroll of identify for 20 gold pieces
  6087 | D        | Bought a scroll of identify for 20 gold pieces
  6087 | D        | Bought a scroll of magic mapping for 75 gold pieces
  6088 | D        | Bought a scroll of identify for 24 gold pieces
  6088 | D        | Bought a scroll of enchant weapon for 90 gold pieces
  6088 | D        | Bought a scroll of poison for 48 gold pieces
  6088 | D        | Bought a scroll of identify for 24 gold pieces
  6088 | D        | Bought a scroll of identify for 24 gold pieces
  6088 | D        | Bought a scroll of identify for 24 gold pieces
  6088 | D        | Bought a scroll of blinking for 90 gold pieces
  6089 | D        | Bought a potion of flight for 39 gold pieces
  6089 | D        | Bought a scroll of identify for 26 gold pieces
  6090 | D        | Bought a scroll of identify for 26 gold pieces
  6090 | D        | Bought a scroll of identify for 26 gold pieces
  6090 | D        | Bought a potion of curing for 39 gold pieces
  6090 | D        | Bought a scroll of identify for 26 gold pieces
  6097 | D        | Bought a potion of haste for 190 gold pieces
  6097 | D        | Bought a scroll of identify for 38 gold pieces
  6097 | D        | Bought a potion of heal wounds for 95 gold pieces
  6100 | D        | Bought a potion of curing for 42 gold pieces
  6100 | D        | Bought a potion of flight for 42 gold pieces
  6100 | D        | Bought a potion of curing for 42 gold pieces
  6100 | D        | Bought a potion of flight for 42 gold pieces
  6101 | D        | Bought a scroll of identify for 48 gold pieces
  6286 | D        | Noticed a 12-headed hydra
  6289 | D        | Killed a ten-headed hydra
  6397 | D        | Noticed a deep elf annihilator
  6401 | D        | Reached skill level 24 in Axes
  6438 | D        | Received a gift from Trog
  6953 | D        | Noticed a mummy priest
  6972 | D        | Killed a deep elf annihilator
  7348 | D        | Noticed a jiangshi
  7385 | D        | Killed a deep elf master archer
  7555 | D        | Killed a mummy priest
  7604 | D        | Noticed the 27-headed Lernaean hydra
  8878 | D        | Noticed a shadow dragon
  8879 | D        | Noticed a golden dragon
  9436 | D        | Killed a golden dragon
  9446 | D        | Killed a shadow dragon
  9446 | D        | Received a gift from Trog
 10748 | D        | Found the +0 staff of Battle
 10757 | D        | Identified the +2 spear of Qazlal's Outrage {spect, rC++}
 11507 | D        | Bought a scroll of identify for 52 gold pieces
 11511 | D        | Bought a potion of invisibility for 112 gold pieces
 11511 | D        | Bought 2 potions of might for 112 gold pieces
 11511 | D        | Bought a potion of resistance for 140 gold pieces
 11511 | D        | Bought a potion of heal wounds for 70 gold pieces
 11512 | D        | Bought a pair of faintly humming gloves for 228 gold pieces
 11512 | D        | Identified the +1 pair of gloves "Macwuhae" {Int+4 Stlth+}
                  | (You bought it in a shop in the Dungeon)
 11512 | D        | Bought a potion of curing for 72 gold pieces
 11512 | D        | Bought a potion of curing for 72 gold pieces
 11553 | D        | Killed the 25-headed Lernaean hydra
 11554 | D        | Reached XP level 13. HP: 141/141 MP: 10/10
 11624 | D        | Bought a pair of glimmering gloves for 218 gold pieces
 11624 | D        | Identified the +3 pair of gloves "Cualur" {rCorr} (You
                  | bought it in a shop in the Dungeon)
 12030 | D        | Identified the ring "Werou" {Fly rElec}
 12035 | D        | Identified the ring of Peapn {rElec rC+ Dex+4}
 12158 | D        | Found Darofu's Magic Scroll Shoppe.
 12175 | D        | Bought a scroll of identify for 26 gold pieces
 12175 | D        | Bought a scroll of identify for 26 gold pieces
 12175 | D        | Bought a scroll of identify for 26 gold pieces
 12175 | D        | Bought a scroll of identify for 26 gold pieces
 12175 | D        | Bought a scroll of identify for 26 gold pieces
 12175 | D        | Bought a scroll of identify for 26 gold pieces
 12175 | D        | Bought a scroll of identify for 26 gold pieces
 12175 | D        | Bought a scroll of identify for 26 gold pieces
 12316 | D        | Noticed Lom Lobon
 12364 | D        | HP: 7/141 [Lom Lobon/vortex (5)]
 12379 | D        | Killed from afar by Lom Lobon

Illustrated notes

Levels and vault maps discovered:
D:        dungeon_sprint_1 [red_sonja_temple_1, red_sonja_temple_small_1]

Skill      XL: |  1  2  3  4  5  6  7  8  9 10 11 12 |
---------------+-------------------------------------+-----
Fighting       | 4 6 7 9 10 11 13 14 16 20 | 20.8
Axes           | 5 7 10 12 14 15 17 20 22 24 | 24.0
Armour         | 3 5 6 7 8 10 11 12 14 16 19 | 19.2
Dodging        | 3 4 6 7 9 10 11 13 15 17 | 17.7

Action                   |  1- 3 |  4- 6 |  7- 9 | 10-12 | 13-15 || total
-------------------------+-------+-------+-------+-------+-------++-------
Melee: Hand axe          |    10 |    17 |    52 |     1 |       ||    80
       Headbutt          |     2 |     3 |     8 |    44 |     3 ||    60
       Executioner's axe |       |       |       |   173 |    12 ||   185
Invok: Berserk           |     2 |     4 |     3 |    20 |     1 ||    30
       Brothers in Arms  |       |       |     1 |     6 |       ||     7
       Trog's Hand       |       |       |       |     1 |     2 ||     3
Evoke: Wand              |     1 |       |     1 |     4 |       ||     6
  Use: Scroll            |       |       |       |     9 |     3 ||    12
       Potion            |       |       |       |     2 |       ||     2
Armor: Animal skin       |       |     1 |     6 |       |       ||     7
       Troll leather arm |       |       |       |    14 |       ||    14
       Scale mail        |       |       |       |    70 |    16 ||    86
Dodge: Dodged            |     3 |     4 |    31 |   148 |     1 ||   187
